 Dungeon Crawl Stone Soup version 0.28-a0-474-g535839065c (webtiles) character file.

Game seed: 14403674296495685434

160 spiderkeys the Skirmisher (level 5, -22/29 HPs)
             Began as an Octopode Abyssal Knight on Sept 16, 2021.
             Was a Follower of Lugonu.
             Killed from afar by a wretched star (26 damage)
             ... with a lance of force
             ... on level 4 of the Abyss.
             The game lasted 00:01:56 (383 turns).

spiderkeys the Skirmisher (Octopode Abyssal Knight)  Turns: 383, Time: 00:01:57

Health: -22/29     AC:  1    Str: 12    XL:     5   Next: 41%
Magic:  7/7        EV: 13    Int: 11    God:    Lugonu [*.....]
Gold:   46         SH:  0    Dex: 11    Spells: 4/4 levels left

rFire   . . .      SeeInvis .   a - +1 spear
rCold   . . .      Faith    .   (no shield)
rNeg    . . .      Spirit   .   (helmet restricted)
rPois   .          Reflect  .   (no amulet)
rElec   .          Harm     .   (no ring)
rCorr   .          Rampage  .   (no ring)
Will    .....                   (no ring)
Stlth   +.........              (no ring)
HPRegen 0.09/turn               (no ring)
MPRegen 0.10/turn               (no ring)
                                (no ring)
                                (no ring)

@: glowing, unable to read
A: almost no armour, amphibious, 8 rings, camouflage 1, gelatinous body 1,
(nimble swimmer 1), tentacles, [deterioration 2], [dopey 2], [frail 2], [subdued
magic 2], [inability to read while threatened]
a: Renounce Religion, Depart the Abyss


You were on level 4 of the Abyss.
You worshipped Lugonu.
Lugonu was aware of your devotion.
You visited 0 branches of the dungeon, and saw 0 of its levels.
You visited the Abyss 1 time.

You collected 46 gold pieces.


Innate Abilities, Weirdness & Mutations

You cannot wear most types of armour.
You are amphibious.
You can wear up to eight rings at the same time.
Your skin changes colour to match your surroundings (Stealth+).
Your rubbery body absorbs attacks. (AC +1, EV +1)
((You are camouflaged near water. (Stealth+)))
You have tentacles for arms and can constrict up to eight enemies at once.
[Your body often deteriorates upon taking damage.]
[You are very dopey. (Int -4)]
[You are very frail. (-20% HP)]
[Your spells are easier to cast, but less powerful.]
[You sometimes lose the ability to read scrolls when taking damage.]


   Skills:
 + Level 3.9 Fighting
 + Level 3.1 Polearms
 + Level 3.4 Dodging
 + Level 3.3 Invocations


You had 4 spell levels left.
You didn't know any spells.
Your spell library was empty.

Inventory:

Hand Weapons
 a - a +1 spear (weapon)
Wands
 b - a wand of acid (6)
   (You found it on level 2 of the Abyss)

Dungeon Overview and Level Annotations

Branches:
Dungeon (0/15)

Altars:

#. .. ... ... #..
...#...# ..3. ...
#.#..#.## .. ..
#/###...#.... .. .. .
#....#.#.#.. .. # #..
...#....##.#. ##
.....##....##.#..#####
. #.....∩@...#.#.#
..#...#
.#..#'''#..##.....##..#
#...#.*#. # .#. .###
#.⌠.#..##.*.#..##. .
#.A(#.3#...#.. ....#
##.##...##.#(...#* .
#+#8...# .#.#.##..#
##..#.# # ... .
##.#####..#.....


You could see an angel, a wretched star and a +2 long sword of holy wrath.


Message History

😨 HP[+1] MP[+1]
Your hell hound dissolves into shadows!
Your hell hound dissolves into shadows! 😨 HP[+1]
Your hell hound dissolves into shadows! 😨 MP[+1]
Your hell hound dissolves into shadows!
A tentacled starspawn comes into view.
Found a gateway leading deeper into the Abyss.
Tentacles burst from the starspawn's body! 2 starspawn tentacles come into view.
The starspawn tentacle closely misses you. 😨 HP[+1]
A tentacle flies out from the starspawn's body!
A starspawn tentacle comes into view.
The starspawn tentacle grabs your ancient zyme.
The starspawn tentacle constricts your ancient zyme.
Your ancient zyme hits the starspawn tentacle.
Your ancient zyme hits the starspawn tentacle but does no damage.
The starspawn tentacle loses its grip on your ancient zyme.
Your ancient zyme hits the starspawn tentacle!
Your ancient zyme hits the starspawn tentacle.
Your ancient zyme hits the starspawn tentacle.
The starspawn tentacle is destroyed! 😨 MP[+1]
What are your orders? t - Shout!
Orders for allies: a - Attack new target. r - Retreat! s - Stop attacking. g - Guard the area. f - Follow me.
Anything else - Cancel.
Gang up on whom?
Press: ? - help, Dir - move target, f - tentacled starspawn
Aim: a tentacled starspawn (moderately damaged) Attack!
The tentacled starspawn bites your ancient zyme!
The tentacled starspawn tentacle-slaps your ancient zyme.
Your ancient zyme hits the tentacled starspawn but does no damage.
Your ancient zyme barely misses the tentacled starspawn.
A tentacle flies out from the starspawn's body!
Your ancient zyme hits the tentacled starspawn! x2
The starspawn tentacle barely misses your ancient zyme.
A starspawn tentacle comes into view.
Your ancient zyme dissolves into shadows!
The starspawn tentacle grabs you. The starspawn tentacle constricts you.
* * * LOW HITPOINT WARNING * * *
😨 HP[-3]
You take 3 damage, and now have 13/37 hp.
You escape the starspawn tentacle's grasp.
There is a gateway leading deeper into the Abyss here. 😨 HP[+1]
You plunge deeper into the Abyss.
The abyssal rune of Zot can be found at this depth.
You aren't carrying any scrolls. 😨 MP[+1] 😨 HP[+1]
Found a gateway leading deeper into the Abyss. 😨 MP[+1]
Your mp is fully restored (7). 😨 HP[+1] 😨 HP[+1] 😨 HP[+1] 😮 HP[+1]
A small abomination comes into view.
There is a gateway leading deeper into the Abyss here. 😮 HP[+1]
The small abomination hits you!!
* * * LOW HITPOINT WARNING * * *
You plunge deeper into the Abyss.
The abyssal rune of Zot can be found at this depth. 😱 HP[-18]
You take 18 damage, and now have 2/37 hp.
MASSIVE DAMAGE!! (PAUSE)
Found 22 bolts.
Found a gateway leading deeper into the Abyss.
The sun demon shouts!
A wretched star comes into view.
The wretched star pulses with an eldritch light!
You feel stupid. x2
The wretched star pulses with an eldritch light!
You lose the ability to read scrolls when threatened. 😱 HP[+1]
The wretched star pulses with an eldritch light!
You feel frail. x2; You feel yourself wasting away.
You feel your body start to fall apart.
You now have 29 max hp (-8). 😱 HP[+1]
A +3 long sword of holy wrath comes into view.
The wretched star pulses with an eldritch light!
Your connection to magic feels subdued.
Your connection to magic feels more subdued.
You open the gate.
A dancing weapon and an angel come into view.
The angel is wielding a +3 whip of holy wrath.
There is a +2 long sword of holy wrath.
The wretched star glows turbulently.
The lance of force hits you!!
You feel threatened and lose the ability to read scrolls!
Ouch! That really hurt!
You die...

Skill      XL: |  1 |
---------------+----+-----
Polearms       | 3 |  3.1
Dodging        | 3 |  3.4
Invocations    | 3 |  3.3
Fighting       | |  3.9

Action                   |  1- 3 |  4- 6 || total
-------------------------+-------+-------++-------
  Use: Scroll            |     2 |       ||     2
Armor: Skin              |     2 |       ||     2
Dodge: Dodged            |    21 |     1 ||    22

Levels and vault maps discovered:
Abyss:4:  base: Temple, evilmike_abyss_rune_tso_outpost

Notes
Turn   | Place    | Note
-------+----------+-------------------------------------------
     0 | Abyss:1  | spiderkeys the Octopode Abyssal Knight began the quest for
                  | the Orb.
     0 | Abyss:1  | Reached XP level 1. HP: 16/16 MP: 2/2
     0 | Abyss:1  | magus.rc [v1.9.10]
    72 | Abyss:1  | Found a corrupted altar of Lugonu.
   142 | Abyss:1  | Found a corrupted altar of Lugonu.
   151 | Abyss:1  | Noticed a sky beast
   165 | Abyss:1  | Noticed a large abomination
   178 | Abyss:1  | Noticed a large abomination
   199 | Abyss:1  | Noticed a ynoxinul
   216 | Abyss:1  | HP: 4/16 [ufetubus[a ynoxinul] (3)]
   265 | Abyss:2  | Noticed a spriggan
   271 | Abyss:2  | Killed a spriggan
   272 | Abyss:2  | Reached skill level 3 in Polearms
   272 | Abyss:2  | Reached skill level 3 in Dodging
   272 | Abyss:2  | Reached skill level 3 in Invocations
   272 | Abyss:2  | Reached XP level 2. HP: 7/22 MP: 2/4
   272 | Abyss:2  | Reached XP level 3. HP: 9/27 MP: 2/5
   272 | Abyss:2  | Reached XP level 4. HP: 11/33 MP: 2/6
   272 | Abyss:2  | Reached XP level 5. HP: 12/37 MP: 2/7
   292 | Abyss:2  | Noticed a tentacled starspawn
   306 | Abyss:2  | Noticed a large abomination
   354 | Abyss:3  | Noticed a small abomination
   357 | Abyss:3  | HP: 2/37 [small abomination (18)]
   361 | Abyss:4  | Noticed a sun demon
   362 | Abyss:4  | Noticed a wretched star
   376 | Abyss:4  | Noticed a +3 long sword of holy wrath
   383 | Abyss:4  | Noticed an angel
   383 | Abyss:4  | Noticed a +2 long sword of holy wrath
   383 | Abyss:4  | Killed from afar by a wretched star

Vanquished Creatures (collateral kills)
  A spriggan (shapeshifter) (Abyss:2)
  A starspawn tentacle (Abyss:2)
2 creatures vanquished.

Vanquished Creatures (others)
  3 starspawn tentacles (Abyss:2)
3 creatures vanquished.

Grand Total: 5 creatures vanquished

Table legend:
 A = Non-vault XP
 B = Vault XP
 C = Vault XP percentage of total XP
 D = Non-vault monster count
 E = Vault monster count
 F = Vault count percentage of total count
                 A         B        C        D         E       F
            +---------+---------+-------+---------+---------+-------
      Total |     229 |       0 |   0.0 |       1 |       0 |   0.0
            +---------+---------+-------+---------+---------+-------
    Abyss:2 |     229 |       0 |   0.0 |       1 |       0 |   0.0
            +---------+---------+-------+---------+---------+-------

Illustrated notes

Table legend:
 A = Kills in this place as a percentage of kills in entire the game.
 B = Kills by you in this place as a percentage of kills by you in the entire game.
 C = Kills by friends in this place as a percentage of kills by friends in the entire game.
 D = Other kills in this place as a percentage of other kills in the entire game.
 E = Experience gained in this place as a percentage of experience gained in the entire game.
 F = Experience gained in this place divided by the number of levels of this place that you have seen.
                   A       B       C       D       E      F
               +-------+-------+-------+-------+-------+----------------------
         Total | 100.0 |   N/A | 100.0 |   N/A | 100.0 |  57.2
         Abyss | 100.0 |   N/A | 100.0 |   N/A | 100.0 |  57.2
               +-------+-------+-------+-------+-------+----------------------

Table legend: (Time is in decaauts)
 A = Elapsed time spent in this place.
 B = Non-inter-level travel time spent in this place.
 C = Inter-level travel time spent in this place.
 D = Time resting spent in this place.
 E = Time spent auto-exploring this place.
 F = Levels seen in this place.
 G = Mean time per level.
                   A        B        C        D        E       F      G
               +--------+--------+--------+--------+--------+-----+--------+
         Total |    382 |    382 |      0 |      0 |    151 |   4 |   95.5 |
         Abyss |    382 |    382 |      0 |      0 |    151 |   4 |   95.5 |
               +--------+--------+--------+--------+--------+-----+--------+

Top non-repeatable levels by time:
 Abyss:1: 221 daAuts
 Abyss:2: 86 daAuts
 Abyss:3: 49 daAuts
 Abyss:4: 24 daAuts
